 Dungeon Crawl Stone Soup version 0.29.0-4-gdea44cf6ec (webtiles) character file.

Game seed: 7557439225230412712

673 qw the Shield-Bearer (level 7, -1/40 HPs)
             Began as a Tengu Warper on Aug 29, 2022.
             Was a Follower of Okawaru.
             Succumbed to a water moccasin's poison
             ... on level 5 of the Dungeon.
             The game lasted 00:01:39 (5178 turns).

qw the Shield-Bearer (Tengu Warper)                 Turns: 5178, Time: 00:01:40

Health: -1/40      AC: 13    Str: 13    XL:     7   Next: 59%
Magic:  9/11       EV:  8    Int: 13    God:    Okawaru [*.....]
Gold:   181        SH: 16    Dex: 14    Spells: 10/10 levels left

rFire   . . .      SeeInvis .   i - +2 hand axe (vamp)
rCold   . . .      Faith    .   e - +0 tower shield
rNeg    . . .      Spirit   .   o - +0 plate armour
rPois   .          Reflect  .   (helmet restricted)
rElec   .          Harm     .   (no cloak)
rCorr   +          Rampage  .   (no gloves)
Will    .....                   (boots unavailable)
Stlth   ..........              (no amulet)
HPRegen 0.13/turn               l - ring of resist corrosion
MPRegen 0.12/turn               b - +4 ring of evasion

@: lethally poisoned (-1 -> -15), heroic, flying quickly and evasively, quick
A: beak, talons 3, nimble flight
a: Renounce Religion, Heroism


You were on level 5 of the Dungeon.
You worshipped Okawaru.
Okawaru was aware of your devotion.
You visited 2 branches of the dungeon, and saw 6 of its levels.

You collected 244 gold pieces.
You spent 63 gold pieces at shops.


Innate Abilities, Weirdness & Mutations

You have a beak for a mouth.
You have claws for feet.
Your magical nature lets you fly swiftly and evasively.


   Skills:
 - Level 2.0(7.0) Fighting
 - Level 5.1(10.1) Axes
 - Level 1.0(6.0) Throwing
 - Level 3.6(8.6) Armour
 - Level 2.1(7.1) Dodging
 + Level 5.3(10.3) Shields
 - Level 2.0 Spellcasting
 - Level 2.4 Translocations
 + Level 1.4 Invocations


You had 10 spell levels left.
You didn't know any spells.
Your spell library contained the following spells:

 Spells                   Type           Power      Damage    Failure   Level
 Blink                    Tloc           14%        N/A       100%        2
 Gell's Gravitas          Tloc           7%         N/A       100%        3
 Lesser Beckoning         Tloc           7%         N/A       100%        3
 Teleport Other           Tloc           7%         N/A       100%        3
 Manifold Assault         Tloc           7%         N/A       100%        5

Inventory:

Hand Weapons
 a - a +2 flail of holy wrath
 i - a +2 vampiric hand axe (weapon)
Armour
 e - a +0 tower shield (worn)
 o - a +0 plate armour (worn)
Jewellery
 b - a +4 ring of evasion (right hand)
 l - a ring of resist corrosion (left hand)
Scrolls
 h - 2 scrolls of identify
Potions
 c - a potion of cancellation

Dungeon Overview and Level Annotations

Branches:
Dungeon (5/15)             Temple (1/1) D:4

Altars:
Ashenzari
Cheibriados
Dithmenos
Fedhas
Gozag
Hepliaklqana
Kikubaaqudgha
Makhleb
Nemelex Xobeh
Okawaru
Qazlal
Ru
Sif Muna
Trog
Uskayaw
Vehumet
Wu Jian
Xom
Yredelemnul
Zin

Shops:
D:2 =?(**

Annotations:
D:2 1 runed translucent door, Crazy Yiuf


Message History

The water moccasin is lightly wounded.
You hit the orc.
You feel better.
You hit the orc.
You feel better.
You hit something but do no damage.
You feel very sick.
The water moccasin bites you but does no damage.
You hear some strange, mumbled words.
Something tries to affect you, but you resist.
You block the orc's attack. The orc hits you but does no damage.
The water moccasin bites you but does no damage.
You hit the orc.
You kill the orc!
Okawaru accepts your kill.
You hit the orc but do no damage. You hit something. Okawaru accepts your kill.
Reactivating autopickup.
You feel a bit more experienced.
You hit the water moccasin but do no damage.
You feel very sick. You block the orc's attack. The water moccasin bites you.
The orc hits you with a +0 club. The water moccasin bites you.
You are lethally poisoned!
The water moccasin poisons you!
5175 ||| INVOKING Heroism.
You gain the combat prowess of a mighty hero.
You feel very sick. You block the water moccasin's attack.
You block the orc's attack.
You slash the orc!
You kill the orc!
Okawaru accepts your kill.
You barely miss the water moccasin.
You feel very sick.
The water moccasin bites you but does no damage.
You block the water moccasin's attack.
You hit the water moccasin. Your kick misses the water moccasin.
The water moccasin is moderately wounded.
You feel very sick. You block the water moccasin's attack.
You hit the water moccasin. You claw the water moccasin.
The water moccasin is severely wounded.
You die...

....##.........
...............
...............
...>............
................
................ .
.......))S...... ..
.......)@#######...
........)..........
.......)...........
...........<.......
...................
...................
...........#.......
...........#.......
...................


You could see a water moccasin.

Vanquished Creatures
  Sigmund (D:4)
  A scorpion (D:4)
  2 hounds
  A jelly (D:4)
  Jessica (D:3)
  4 orc wizards
  Ijyb (D:3)
  10 adders
  A shadow imp (D:5)
  4 worms
  2 dart slugs
  10 orcs
  4 ball pythons
  5 bats
  7 endoplasms
  3 giant cockroaches
  11 goblins
  6 hobgoblins
  6 jackals
  10 kobolds
  5 quokkas
  5 frilled lizards
  7 rats
107 creatures vanquished.

Notes
Turn   | Place    | Note
-------+----------+-------------------------------------------
     0 | D:1      | qw the Tengu Warper began the quest for the Orb.
     0 | D:1      | Reached XP level 1. HP: 12/12 MP: 4/4
     0 | D:1      | 0 ||| qw: Version: 0.1-a-89-g26bdef1
     0 | D:1      | 0 ||| qw: Game counter: 3541
     0 | D:1      | 0 ||| qw: Always use a shield: true
     0 | D:1      | 0 ||| qw: God list: Okawaru
     0 | D:1      | 0 ||| qw: Allow faded altars: false
     0 | D:1      | 0 ||| qw: Do Orc after D:15 true
     0 | D:1      | 0 ||| qw: Do second Lair branch before Depths: true
     0 | D:1      | 0 ||| qw: Lair rune preference: random
     0 | D:1      | 0 ||| qw: Plans: Normal
     0 | D:1      | 0 ||| PLANNING D:1-11
   124 | D:1      | 124 ||| Stepping ~*~*~tactically~*~*~ (stealth).
   128 | D:1      | Reached XP level 2. HP: 17/17 MP: 6/6
   131 | D:1      | Reached skill level 3 in Axes
   170 | D:1      | 170 ||| Stepping ~*~*~tactically~*~*~ (stealth).
   701 | D:1      | 701 ||| Stepping ~*~*~tactically~*~*~ (stealth).
   709 | D:1      | Reached XP level 3. HP: 17/21 MP: 7/7
   841 | D:1      | 841 ||| SWAPPING to +0 vampiric hand axe.
   842 | D:1      | 842 ||| DROPPING +0 hand axe.
  1091 | D:1      | 1091 ||| READING scroll labelled SANABA MAUTWEA.
  1220 | D:1      | 1220 ||| READING 3 scrolls labelled NOMYS JOJIDGHA.
  1221 | D:1      | 1221 ||| READING 2 scrolls labelled PONAGOINUM.
  1222 | D:1      | 1222 ||| READING scroll of enchant weapon.
  1222 | D:1      | 1222 ||| ENCHANTING +0 vampiric hand axe.
  1223 | D:1      | 1223 ||| READING 2 scrolls of identify.
  1223 | D:1      | 1223 ||| IDENTIFYING blue potion
  1224 | D:1      | 1224 ||| DROPPING scroll of blinking.
  1381 | D:2      | Found Giti's General Store.
  1387 | D:2      | 1387 ||| SHOPLISTING +2 ring mail of fire resistance (210
                  | gold, have 47).
  1387 | D:2      | 1387 ||| BUYING potion of curing (30 gold).
  1387 | D:2      | Bought a potion of curing for 30 gold pieces
  1387 | D:2      | 1387 ||| SHOPLISTING potion of might (40 gold, have 17).
  1433 | D:2      | 1433 ||| Stepping ~*~*~tactically~*~*~ (stealth).
  1434 | D:2      | 1434 ||| Stepping ~*~*~tactically~*~*~ (stealth).
  1466 | D:2      | Found a snail-covered altar of Cheibriados.
  1484 | D:2      | Found Vevown's Jewellery Emporium.
  1494 | D:2      | 1494 ||| READING scroll of enchant weapon.
  1494 | D:2      | 1494 ||| ENCHANTING +1 vampiric hand axe.
  1499 | D:2      | 1499 ||| SHOPLISTING +6 ring of strength (468 gold, have
                  | 53).
  1499 | D:2      | 1499 ||| SHOPLISTING amulet of the acrobat (390 gold, have
                  | 53).
  1499 | D:2      | 1499 ||| SHOPLISTING ring of ice (325 gold, have 53).
  1499 | D:2      | 1499 ||| SHOPLISTING ring of poison resistance (260 gold,
                  | have 53).
  1499 | D:2      | 1499 ||| SHOPLISTING ring of willpower (325 gold, have 53).
  1542 | D:2      | 1542 ||| DROPPING +0 club.
  1543 | D:2      | Found a runed translucent door.
  1544 | D:2      | Noticed Crazy Yiuf
  1662 | D:2      | HP: 5/21 [adder (2)]
  1664 | D:2      | HP: 1/21 [poisoned by an adder]
  1665 | D:2      | Reached XP level 4. HP: 2/26 MP: 8/8
  1665 | D:2      | 1665 ||| DRINKING 2 potions of curing.
  1665 | D:2      | 1665 ||| (to cure poison)
  1875 | D:2      | Found Tamaesij's Weapon Shoppe.
  1898 | D:2      | Found Xoutteti's General Store.
  1907 | D:2      | 1907 ||| BUYING potion of curing (33 gold).
  1907 | D:2      | Bought a potion of curing for 33 gold pieces
  1907 | D:2      | 1907 ||| SHOPLISTING scroll of identify (22 gold, have 20).
  1968 | D:2      | Found Zaocosum's Magic Scroll Shoppe.
  1970 | D:2      | Found a faded altar of an unknown god.
  1981 | D:2      | 1981 ||| SHOPLISTING scroll of identify (26 gold, have 20).
  1981 | D:2      | 1981 ||| SHOPLISTING scroll of teleportation (39 gold, have
                  | 20).
  2235 | D:2      | 2235 ||| UPGRADING to +0 tower shield.
  2240 | D:2      | 2240 ||| DROPPING +6 ring of intelligence.
  2241 | D:2      | 2241 ||| UPGRADING to ring of resist corrosion.
  2242 | D:2      | 2242 ||| READING scroll labelled JIJEFU VEKKAU.
  2243 | D:2      | 2243 ||| READING scroll labelled GEDEINNEIZI.
  2244 | D:2      | 2244 ||| READING 5 scrolls of identify.
  2244 | D:2      | 2244 ||| IDENTIFYING metallic silvery potion
  2245 | D:2      | 2245 ||| READING 4 scrolls of identify.
  2245 | D:2      | 2245 ||| IDENTIFYING metallic coppery potion
  2246 | D:2      | 2246 ||| READING 3 scrolls of identify.
  2246 | D:2      | 2246 ||| IDENTIFYING metallic yellow potion
  2247 | D:2      | 2247 ||| DROPPING potion of brilliance.
  2248 | D:2      | 2248 ||| DROPPING potion of degeneration.
  2342 | D:3      | Reached skill level 1 in Shields
  2346 | D:3      | 2346 ||| FLEEEEING.
  2347 | D:3      | 2347 ||| FLEEEEING.
  2348 | D:3      | 2348 ||| FLEEEEING.
  2349 | D:3      | 2349 ||| FLEEEEING.
  2350 | D:3      | 2350 ||| FLEEEEING.
  2354 | D:3      | 2354 ||| FLEEEEING.
  2355 | D:3      | 2355 ||| FLEEEEING.
  2356 | D:3      | 2356 ||| FLEEEEING.
  2357 | D:3      | 2357 ||| FLEEEEING.
  2358 | D:3      | 2358 ||| FLEEEEING.
  2359 | D:3      | 2359 ||| FLEEEEING.
  2360 | D:3      | 2360 ||| FLEEEEING.
  2364 | D:3      | 2364 ||| STAIRDANCE
  2449 | D:2      | 2449 ||| READING scroll labelled DEMYES UFUSE.
  2514 | D:3      | 2514 ||| DROPPING +2 hammer of protection.
  2520 | D:3      | Found a sacrificial altar of Ru.
  2521 | D:3      | Found a bloodstained altar of Trog.
  2534 | D:3      | Noticed Ijyb
  2547 | D:3      | Killed Ijyb
  2548 | D:3      | Gained mutation: Your magical nature lets you fly swiftly
                  | and evasively. [Tengu growth]
  2548 | D:3      | Reached XP level 5. HP: 14/30 MP: 9/9
  2558 | D:3      | 2558 ||| FLEEEEING.
  2560 | D:3      | 2560 ||| FLEEEEING.
  2561 | D:3      | 2561 ||| FLEEEEING.
  2562 | D:3      | 2562 ||| FLEEEEING.
  2563 | D:3      | 2563 ||| FLEEEEING.
  2564 | D:3      | 2564 ||| FLEEEEING.
  2566 | D:3      | 2566 ||| FLEEEEING.
  2567 | D:3      | 2567 ||| FLEEEEING.
  2568 | D:3      | 2568 ||| FLEEEEING.
  2584 | D:3      | 2584 ||| FLEEEEING.
  2586 | D:3      | 2586 ||| STAIRDANCE
  2741 | D:2      | 2741 ||| UPGRADING to +0 scale mail.
  2751 | D:2      | 2751 ||| DROPPING +0 leather armour.
  2794 | D:3      | 2794 ||| STAIRDANCE
  3041 | D:3      | Noticed Jessica
  3042 | D:3      | 3042 ||| Stepping ~*~*~tactically~*~*~ (hiding).
  3052 | D:3      | Killed Jessica
  3056 | D:3      | 3056 ||| Stepping ~*~*~tactically~*~*~ (stealth).
  3059 | D:3      | 3059 ||| Stepping ~*~*~tactically~*~*~ (stealth).
  3067 | D:3      | 3067 ||| Stepping ~*~*~tactically~*~*~ (stealth).
  3085 | D:3      | 3085 ||| Stepping ~*~*~tactically~*~*~ (stealth).
  3086 | D:3      | 3086 ||| Stepping ~*~*~tactically~*~*~ (stealth).
  3089 | D:3      | 3089 ||| Stepping ~*~*~tactically~*~*~ (stealth).
  3105 | D:3      | Reached skill level 3 in Shields
  3252 | D:3      | 3252 ||| Stepping ~*~*~tactically~*~*~ (stealth).
  3529 | D:3      | 3529 ||| UPGRADING to +0 plate armour.
  3539 | D:3      | 3539 ||| DROPPING +0 scale mail.
  3540 | D:3      | 3540 ||| UPGRADING to +4 ring of evasion.
  3541 | D:3      | 3541 ||| READING scroll labelled UKA QIJEETOR.
  3542 | D:3      | 3542 ||| READING scroll labelled ICZIUNA QECI.
  3543 | D:3      | 3543 ||| READING scroll labelled GAGITIMAIF.
  3546 | D:3      | 3546 ||| DRINKING 2 yellow potions.
  3547 | D:3      | 3547 ||| READING 3 scrolls of identify.
  3547 | D:3      | 3547 ||| IDENTIFYING orange potion
  3548 | D:3      | 3548 ||| DROPPING potion of berserk rage.
  3644 | D:4      | Reached XP level 6. HP: 30/35 MP: 10/10
  3742 | D:4      | Found a staircase to the Ecumenical Temple.
  3743 | D:4      | 3743 ||| PLANNING TEMPLE
  3774 | Temple   | Entered the Ecumenical Temple
  3827 | Temple   | Became a worshipper of Warmaster Okawaru
  3901 | Temple   | 3901 ||| PLANNING D:1-11
  4001 | D:4      | 4001 ||| DRINKING 2 potions of curing.
  4001 | D:4      | 4001 ||| (to cure confusion)
  4003 | D:4      | 4003 ||| DRINKING potion of curing.
  4003 | D:4      | 4003 ||| (to cure confusion)
  4014 | D:4      | HP: 8/35 [something/puff of flame (1)]
  4015 | D:4      | 4015 ||| DRINKING potion of heal wounds.
  4353 | D:4      | Noticed Sigmund
  4362 | D:4      | Killed Sigmund
  4362 | D:4      | Reached * piety under Okawaru
  4363 | D:4      | Reached skill level 3 in Armour
  4363 | D:4      | Reached XP level 7. HP: 26/40 MP: 11/11
  4875 | D:4      | Found a snail-covered altar of Cheibriados.
  4990 | D:4      | 4990 ||| INVOKING Heroism.
  5138 | D:5      | Entered Level 5 of the Dungeon
  5151 | D:5      | 5151 ||| Stepping ~*~*~tactically~*~*~ (hiding).
  5157 | D:5      | 5157 ||| INVOKING Heroism.
  5169 | D:5      | Reached skill level 1 in Invocations
  5175 | D:5      | 5175 ||| INVOKING Heroism.
  5175 | D:5      | HP: 10/40 [poisoned by a water moccasin]
  5177 | D:5      | HP: 2/40 [poisoned by a water moccasin]
  5178 | D:5      | Succumbed to a water moccasin's poison

Levels and vault maps discovered:
D:1:      matt_arrival_spirals, layout_basic
D:2:      layout_basic, serial_shops, shop, nicolae_shop_bloodbath_and_beyond,
          shop_statue, nicolae_shop_competitors_out_of_business,
          nicolae_shop_competitors_out_of_business, basic_altar,
          ebering_ecumenical_altar_rust, uniq_crazy_yiuf_cottage
D:3:      layout_basic, nicolae_overflow_squiral, grunt_ministairs_10,
          minmay_fractal_squares_5, uniq_jessica, uniq_ijyb
D:4:      layout_basic, slow_altar_2, minmay_temple_entry_tees,
          minmay_misc_feat_plants, uniq_sigmund
D:5:      layout_basic, mainiacjoe_overflow_boulevard, serial_shops,
          nicolae_shop_stone, serial_bayou_ford_a, uniq_edmund
Temple:   minmay_crystal_spiral_temple

Skill      XL: |  1  2  3  4  5  6  7 |
---------------+----------------------+-----
Axes           | 3 4 5 |  5.1
Shields        | 1 4 5 |  5.3
Armour         | 3 |  3.6
Invocations    | 1 |  1.4
Fighting       | |  2.0
Throwing       | |  1.0
Dodging        | |  2.1
Spellcasting   | |  2.0
Translocations | |  2.4

Action                   |  1- 3 |  4- 6 |  7- 9 || total
-------------------------+-------+-------+-------++-------
Melee: Hand axe          |    88 |   118 |    38 ||   244
       Kick              |    20 |    37 |    10 ||    67
       Peck              |    17 |    16 |     7 ||    40
Throw: Boomerang         |    51 |    43 |    12 ||   106
Invok: Heroism           |       |       |     3 ||     3
  Use: Scroll            |     6 |    10 |       ||    16
       Potion            |       |     5 |       ||     5
Armor: Leather armour    |    21 |     4 |       ||    25
       Scale mail        |       |    16 |       ||    16
       Plate armour      |       |    45 |    21 ||    66
Dodge: Dodged            |    44 |    29 |     9 ||    82
Block: Tower shield      |       |    58 |    38 ||    96

Table legend:
 A = Non-vault XP
 B = Vault XP
 C = Vault XP percentage of total XP
 D = Non-vault monster count
 E = Vault monster count
 F = Vault count percentage of total count
                 A         B        C        D         E       F
            +---------+---------+-------+---------+---------+-------
      Total |     631 |     331 |  34.4 |      96 |      11 |  10.3
            +---------+---------+-------+---------+---------+-------
        D:1 |      46 |       0 |   0.0 |      27 |       0 |   0.0
        D:2 |      82 |       0 |   0.0 |      16 |       0 |   0.0
        D:3 |      75 |      95 |  55.9 |      25 |       9 |  26.5
        D:4 |     316 |     236 |  42.8 |      18 |       2 |  10.0
        D:5 |     112 |       0 |   0.0 |      10 |       0 |   0.0
            +---------+---------+-------+---------+---------+-------
